 Dungeon Crawl Stone Soup version 0.31-a0-361-g0f8bd3a31e (webtiles) character file.

Game seed: 17416384729116926171

153 AdnanSaban the Shield-Bearer (level 5, -1/33 HPs)
             Began as a Gargoyle Fighter on July 27, 2023.
             Slain by a gnoll
             ... wielding a +0 halberd
             ... led by a gnoll bouda
              (10 damage)
             ... on level 4 of the Dungeon.
             The game lasted 00:02:53 (2742 turns).

AdnanSaban the Shield-Bearer (Gargoyle Fighter)     Turns: 2742, Time: 00:02:53

Health: -1/33      AC: 15    Str: 21    XL:     5   Next: 35%
Magic:  5/5        EV:  5    Int:  9    God:
Gold:   177        SH: 12    Dex:  9    Spells: 4/4 levels left

rFire   . . .        a - +0 flail
rCold   . . .        r - +0 tower shield
rNeg    + . .        w - +0 chain mail
rPois   ∞            (no helmet)
rElec   +            i - +0 cloak
rCorr   .            e - +0 pair of gloves
SInv    .            (no boots)
Will    .....        (no amulet) Stlth
                     (no ring)
HPRegen 0.25/turn    (no ring)
MPRegen 0.09/turn

%: no passive effects
@: no status effects
A: sickness immunity, AC +4, negative energy resistance 1, electricity
resistance, torment resistance 1, petrification resistance
a: no special abilities


You were on level 4 of the Dungeon.
You visited 1 branch of the dungeon, and saw 4 of its levels.

You collected 177 gold pieces.

Inventory:

Hand Weapons
 a - a +0 flail (weapon)
Missiles
 j - 12 poisoned darts
 k - 7 boomerangs (quivered)
 q - 3 curare-tipped darts
Armour
 e - a +0 pair of gloves (worn)
 i - a +0 cloak (worn)
 r - a +0 tower shield (worn)
 w - a +0 chain mail (worn)
Jewellery
 b - an amulet of faith
 h - a ring of ice
Scrolls
 c - a scroll of blinking {unknown}
 g - 2 scrolls of teleportation {unknown}
 l - 2 scrolls of vulnerability {unknown}
 n - a scroll of silence {unknown}
 o - a scroll of fear {unknown}
 p - 3 scrolls of identify {unknown}
 s - a scroll of immolation {unknown}
 t - a scroll of amnesia {unknown}
 u - a scroll of enchant weapon {unknown}
Potions
 d - a potion of might
 f - 3 potions of curing {unknown}
 m - a potion of mutation {unknown}
 v - 2 potions of lignification {unknown}
 x - a potion of heal wounds {unknown}
 z - a potion of haste {unknown}


   Skills:
 + Level 3.8 Fighting
 + Level 3.4 Maces & Flails
 + Level 4.0 Armour
 + Level 1.0 Dodging
 + Level 4.3 Shields


You had 4 spell levels left.
You didn't know any spells.
Your spell library contained the following spells:

 Spells                   Type           Power      Damage    Failure   Level
 Summon Small Mammal      Summ           0%         N/A       100%        1
 Call Canine Familiar     Summ           0%         N/A       100%        3
 Summon Guardian Golem    Hex/Summ       0%         N/A       100%        3


Dungeon Overview and Level Annotations

Branches:
Dungeon (4/15)
 Temple: D:4-7

Altars:
Cheibriados


Innate Abilities, Weirdness & Mutations

You are immune to sickness and miasma.
Your stone body is resilient. (AC +4)
You are immune to poison.
You resist negative energy. (rN+)
You are resistant to electric shocks. (rElec)
You are resistant to unholy torment.
You are immune to petrification.


Message History

You kill the hobgoblin!
The orc hits you with a +0 flail. You block the orc's attack.
You sock the orc!
You kill the orc!
You block the orc's attack. The orc barely misses you.
A gnoll comes into view. It is wielding a +0 halberd.
The gnoll shouts!
The orc barely misses you.
Things that are here:
a +0 dagger; a +0 dagger; an orc corpse You barely miss the orc.
The orc barely misses you.
You hit the orc.
The orc is moderately wounded.
You block the orc's attack. x2
You barely miss the orc.
The orc is moderately wounded.
You block the orc's attack.
You barely miss the orc.
The orc is lightly wounded.
You block the orc's attack. x2
You barely miss the orc.
The orc is lightly wounded.
You block the gnoll's attack.
A gnoll comes into view. It is wielding a +1 spear of venom.
The orc hits you with a +0 trident.
The gnoll shouts!
You sock the orc!
You kill the orc!
You hear a shout!
You block the gnoll's attack.
A hobgoblin comes into view.
You block the gnoll's attack.
The hobgoblin moves out of view.
A gnoll comes into view. It is wielding a +0 flail.
The gnoll hits you with a +0 halberd.
The gnoll shouts!
You hit the gnoll but do no damage. The gnoll hits you with a +0 halberd!
* * * LOW HITPOINT WARNING * * *
A gnoll bouda comes into view. It is wielding a +0 whip of flaming.
The gnoll hits you with a +0 halberd!
You die...

### ..# ##.#
######..##
.........#
## #.....).#
..
#.####)##.##
#...)<)@g..#
#..##.#.#..#
# #...# .#
#.### g. ..#
.g ..## ..
..> g ....


You could see a gnoll bouda, 2 gnolls and a hobgoblin.

Vanquished Creatures
  Terence (D:2)
  3 adders
  2 worms (D:3)
  4 dart slugs
  8 orcs
  9 bats
  3 endoplasms
  2 giant cockroaches
  8 goblins
  13 hobgoblins
  4 quokkas
  5 ball pythons
  A frilled lizard (D:1)
  4 kobolds
  6 rats
73 creatures vanquished.

Notes
Turn   | Place    | Note
-------+----------+-------------------------------------------
     0 | D:1      | AdnanSaban the Gargoyle Fighter began the quest for the
                  | Orb.
     0 | D:1      | Reached XP level 1. HP: 14/14 MP: 1/1
    81 | D:1      | Reached XP level 2. HP: 19/19 MP: 2/2
   421 | D:1      | Reached XP level 3. HP: 23/23 MP: 3/3
   887 | D:2      | Noticed Terence
   943 | D:2      | Killed Terence
   944 | D:2      | Reached XP level 4. HP: 22/29 MP: 4/4
  2196 | D:3      | Reached XP level 5. HP: 33/33 MP: 5/5
  2249 | D:3      | Reached skill level 1 in Dodging
  2336 | D:3      | Found a snail-covered altar of Cheibriados.
  2742 | D:4      | Slain by a gnoll

Illustrated notes

Levels and vault maps discovered:
D:1:      lightli_arrival_boilingwater, layout_loops_cross, minmay_hexomino_f4
D:2:      cheibrodos_greedy_goblins, layout_basic,
          nicolae_kite_square_tiling_tiny, serial_bayou_pond_a, uniq_terence
D:3:      layout_basic, lemuel_tele_altar
D:4:      minmay_bubble_buster, layout_basic, serial_shops, shop,
          hangedman_abyss_or_decor_passed, kennysheep_potato

Skill      XL: |  1  2  3  4  5 |
---------------+----------------+-----
Maces & Flails | 3 |  3.4
Shields        | 4 |  4.3
Armour         | 4 |  4.0
Dodging        | 1 |  1.0
Fighting       | |  3.8

Action                     |  1- 3 |  4- 6 || total
---------------------------+-------+-------++-------
  Melee: Flail             |   105 |   171 ||   276
 Armour: Scale mail        |    68 |    60 ||   128
         Chain mail        |       |    42 ||    42
  Dodge: Dodged            |    51 |    62 ||   113
  Block: Buckler           |    29 |     2 ||    31
         Tower shield      |       |   137 ||   137

Table legend: (Time is in decaauts)
 A = Elapsed time spent in this place.
 B = Non-inter-level travel time spent in this place.
 C = Inter-level travel time spent in this place.
 D = Time resting spent in this place.
 E = Time spent auto-exploring this place.
 F = Levels seen in this place.
 G = Mean time per level.
                   A        B        C        D        E       F      G
               +--------+--------+--------+--------+--------+-----+--------+
         Total |   2872 |   2654 |    218 |     60 |   1946 |   4 |  718.0 |
       Dungeon |   2872 |   2654 |    218 |     60 |   1946 |   4 |  718.0 |
               +--------+--------+--------+--------+--------+-----+--------+

Top non-repeatable levels by time:
     D:2: 1290 daAuts
     D:1: 855 daAuts
     D:3: 696 daAuts
     D:4: 30 daAuts
